 Dungeon Sprint DCSS version 0.20-a0-1124-g2e29d97 (webtiles) character file.

4060 potatolord6000 the Fighter (level 10, 0/89 HPs)
             Began as a Demonspawn Fighter on May 16, 2017.
             Was an Initiate of Gozag.
             Slain by a seven-headed hydra (7 damage)
             ... in the Dungeon (Sprint IX: "|||||||||||||||||||||||||||||").
             The game lasted 00:03:29 (639 turns).

potatolord6000 the Fighter (Demonspawn Fighter)      Turns: 639, Time: 00:03:30

Health: 0/89       AC: 23    Str: 26    XL:     10   Next: 4%
Magic:  10/10      EV: 14    Int: 10    God:    Gozag
Gold:   387        SH:  0    Dex: 16    Spells: 9/9 levels left

rFire    . . .     SeeInvis +   o - +4 quarterstaff "Ygibbal" {protect, *Corrode +Inv Dex+4}
rCold    . . .     Gourm    .   (shield currently unavailable)
rNeg     . . .     Faith    .   n - +0 plate armour
rPois    .         Spirit   .   (helmet unavailable)
rElec    .         Reflect  .   a - +0 cloak
rCorr    .         Harm     .   (no gloves)
MR       .....     NoTele   +   (no boots)
Stlth    ..........             (no amulet)
Regen    0.3/turn               b - +3 ring of strength
MPRegen  0.2/turn               p - +3 ring of strength

@: gold aura, protection aura
A: antennae 3, claws 1, talons 2, demonic guardian 1, spiny 1
a: Potion Petition, Call Merchant, Bribe Branch, Renounce Religion, Evoke
Invisibility


You were in the Dungeon.
You worshipped Gozag.
Gozag was aware of your devotion.
You were not hungry.

You visited 1 branch You collected 1080 gold pieces.
You paid 693 gold pieces to Gozag.

Inventory:

Hand Weapons
 o - the +4 quarterstaff "Ygibbal" (weapon) {protect, *Corrode +Inv Dex+4}
   (You found it in the Dungeon)

   It protects the one who uses it against injury (+AC on strike).
   It affects your dexterity (+4).
   It lets you turn invisible.
   It may corrode you when you take damage.
Armour
 a - a +0 cloak (worn)
 n - a +0 plate armour (worn)
Jewellery
 b - a +3 ring of strength (left claw)
 p - a +3 ring of strength (right claw)
Scrolls
 k - 2 scrolls of blinking
 l - 4 scrolls of remove curse
 m - 2 scrolls of amnesia
 s - 4 scrolls of enchant armour
 t - 2 scrolls of fog
Potions
 c - a potion of invisibility
 d - a potion of might
 e - 5 potions of curing
 g - 8 potions of heal wounds
 h - a potion of haste
 i - 4 potions of magic
 j - a potion of berserk rage
 q - a potion of resistance
 r - a potion of flight
Comestibles
 f - a bread ration


   Skills:
 + Level 12.1 Fighting
   Level 3.2 Axes
 + Level 10.5 Staves
 + Level 11.2 Armour
 + Level 10.8 Dodging
   Level 2.6 Shields


You had 9 spell levels left.
You didn't know any spells.

Dungeon Overview and Level Annotations

Branches:
Dungeon (1/1)

Altars:
Cheibriados
Dithmenos
Elyvilon
Fedhas
Gozag
Hepliaklqana
Kikubaaqudgha
Makhleb
Nemelex Xobeh
Okawaru
Qazlal
Ru
Sif Muna
Trog
Uskayaw
Vehumet
Wu Jian
Xom
Yredelemnul
Zin
The Shining One
Beogh
Jiyva
Lugonu

Shops:
D (


Innate Abilities, Weirdness & Mutations

You have a pair of large antennae on your head. (SInv)
You have sharp fingernails.
You have razor-sharp toenails.
A weak demonic guardian rushes to your aid.
You are partially covered in sharp spines.


Message History

The seven-headed hydra bites you but does no damage.
The seven-headed hydra bites you.
* * * LOW HITPOINT WARNING * * *
The seven-headed hydra misses you. The seven-headed hydra bites you.
* * * LOW HITPOINT WARNING * * *
The spiny frog is distracted by the nearby gold.
You see here 360 gold pieces.
You completely miss the seven-headed hydra.
The spiny frog gives a loud, deep croak!
The water moccasin hisses angrily.
Your kick misses the seven-headed hydra.
The seven-headed hydra is lightly wounded.
The spiny frog is no longer distracted by gold.
The black mamba is no longer distracted by gold.
The seven-headed hydra is struck by your spines.
The seven-headed hydra closely misses you.
The seven-headed hydra barely misses you.
The seven-headed hydra bites you!
You die...
Your body crumbles into a pile of gold.

$ ▓.▓_▓
$
▓.▓.▓_▓
{
▓.▓.▓_▓
{
▓F▓.▓_▓
▓S▓.▓_▓
{
▓t▓.▓_▓
{
▓S▓.▓_▓
{
▓D▓.▓_▓
{
▓@▓.▓_▓
{
▓5▓.▓_▓
{
▓$▓.▓_▓
{
▓.▓.▓_▓
{
▓.▓.▓_▓
{
▓.▓.▓_▓
{
▓.▓.▓_▓
{
▓.▓.▓'▓
{
▓(▓.▓.▓


You could see a seven-headed hydra, a black mamba, a spiny frog, a water
moccasin, a crocodile and a friendly shadow imp.

Vanquished Creatures
  A centaur warrior (D)
  A two-headed ogre (D)
  An unseen horror (D)
  A deep elf mage (D)
  A spiny frog (D)
  A komodo dragon (D)
  A hippogriff (D)
  A yak (D)
  A phantom (D)
  A crocodile (D)
  3 bullfrogs (D)
  A hound (D)
  An adder skeleton (D)
  2 dart slugs (D)
  A giant cockroach (D)
  A frilled lizard (D)
  A rat (D)
20 creatures vanquished.

Vanquished Creatures (collateral kills)
  A two-headed ogre (D)
  3 adders (D)
  A jackal (D)
  A frilled lizard (D)
6 creatures vanquished.

Grand Total: 26 creatures vanquished

Notes
Turn   | Place    | Note
-------+----------+-------------------------------------------
     0 | D        | potatolord6000 the Demonspawn Fighter began the quest for the Orb.
     0 | D        | Reached XP level 1. HP: 18/18 MP: 1/1
    14 | D        | Reached skill level 1 in Dodging
    24 | D        | Gained mutation: A weak demonic guardian rushes to your aid. [demonic ancestry]
    24 | D        | Reached XP level 2. HP: 14/24 MP: 2/2
   160 | D        | Reached skill level 4 in Fighting
   183 | D        | Found a roughly hewn altar of Beogh.
   183 | D        | Found a snail-covered altar of Cheibriados.
   183 | D        | Found a shadowy altar of Dithmenos.
   183 | D        | Found a white marble altar of Elyvilon.
   183 | D        | Found a blossoming altar of Fedhas.
   183 | D        | Found an opulent altar of Gozag.
   184 | D        | Found a hazy altar of Hepliaklqana.
   185 | D        | Found a viscous altar of Jiyva.
   186 | D        | Found an ancient bone altar of Kikubaaqudgha.
   187 | D        | Found a corrupted altar of Lugonu.
   188 | D        | Found a burning altar of Makhleb.
   189 | D        | Found a sparkling altar of Nemelex Xobeh.
   190 | D        | Found an iron altar of Okawaru.
   191 | D        | Became a worshipper of Gozag Ym Sagoz the Greedy
   192 | D        | Found a stormy altar of Qazlal.
   193 | D        | Found a sacrificial altar of Ru.
   194 | D        | Found a deep blue altar of Sif Muna.
   195 | D        | Found a bloodstained altar of Trog.
   196 | D        | Found a hide-covered altar of Uskayaw.
   197 | D        | Found a radiant altar of Vehumet.
   198 | D        | Found an ornate altar of the Wu Jian Council.
   199 | D        | Found a shimmering altar of Xom.
   200 | D        | Found a basalt altar of Yredelemnul.
   201 | D        | Found a glowing silver altar of Zin.
   202 | D        | Found a glowing golden altar of the Shining One.
   219 | D        | Got the +4 quarterstaff "Ygibbal" {protect, *Corrode +Inv Dex+4}
   248 | D        | Noticed a bullfrog
   248 | D        | Noticed a phantom
   248 | D        | Noticed a bullfrog
   248 | D        | Noticed a yak
   274 | D        | Killed a phantom
   274 | D        | Reached skill level 5 in Fighting
   274 | D        | Reached skill level 5 in Armour
   274 | D        | Gained mutation: You are partially covered in sharp spines. [demonic ancestry]
   274 | D        | Reached XP level 3. HP: 33/33 MP: 3/3
   274 | D        | Reached XP level 4. HP: 39/39 MP: 4/4
   279 | D        | Killed a yak
   279 | D        | Reached skill level 6 in Fighting
   279 | D        | Reached skill level 5 in Dodging
   279 | D        | Gained mutation: You have a pair of small antennae on your head. [demonic ancestry]
   279 | D        | Reached XP level 5. HP: 41/47 MP: 5/5
   284 | D        | Reached skill level 7 in Fighting
   284 | D        | Reached skill level 5 in Staves
   284 | D        | Gained mutation: You have sharp toenails. [demonic ancestry]
   284 | D        | Reached XP level 6. HP: 39/55 MP: 6/6
   300 | D        | Killed an unseen horror
   300 | D        | Reached skill level 9 in Fighting
   300 | D        | Gained mutation: You have a pair of antennae on your head. [demonic ancestry]
   300 | D        | Reached XP level 7. HP: 36/64 MP: 7/7
   440 | D        | Noticed a centaur warrior
   440 | D        | Noticed a hippogriff
   440 | D        | Noticed a two-headed ogre
   440 | D        | Noticed a deep elf mage
   440 | D        | Noticed a two-headed ogre
   443 | D        | Killed a two-headed ogre
   443 | D        | Reached skill level 10 in Fighting
   443 | D        | Gained mutation: You have razor-sharp toenails. [demonic ancestry]
   443 | D        | Reached XP level 8. HP: 68/72 MP: 8/8
   448 | D        | Killed a deep elf mage
   463 | D        | Killed a two-headed ogre
   463 | D        | Reached skill level 11 in Fighting
   463 | D        | Reached skill level 10 in Armour
   463 | D        | Gained mutation: You have sharp fingernails. [demonic ancestry]
   463 | D        | Reached XP level 9. HP: 49/81 MP: 9/9
   472 | D        | Reached skill level 10 in Dodging
   485 | D        | Killed a centaur warrior
   485 | D        | Reached skill level 10 in Staves
   614 | D        | Noticed a komodo dragon
   614 | D        | Noticed a spiny frog
   624 | D        | Killed a spiny frog
   625 | D        | Noticed a black mamba
   626 | D        | Noticed a spiny frog
   627 | D        | Noticed a seven-headed hydra
   633 | D        | Killed a komodo dragon
   633 | D        | Reached skill level 12 in Fighting
   633 | D        | Gained mutation: You have a pair of large antennae on your head. (SInv) [demonic ancestry]
   633 | D        | Reached XP level 10. HP: 20/89 MP: 10/10
   639 | D        | Slain by a seven-headed hydra

Vault maps used:
D:        linesprint

Skill      XL: |  1  2  3  4  5  6  7  8  9 |
---------------+----------------------------+-----
Axes           | 2 3 |  3.2
Armour         | 3 5 6 8 9 10 11 | 11.2
Dodging        | 1 4 5 7 8 9 10 | 10.8
Fighting       | 5 6 7 9 10 11 12 | 12.1
Staves         | 3 4 5 7 8 9 10 | 10.5
Shields        | |  2.6

Action                   |  1- 3 |  4- 6 |  7- 9 | 10-12 || total
-------------------------+-------+-------+-------+-------++-------
Melee: War axe           |    16 |       |       |       ||    16
       Quarterstaff      |    15 |    21 |    51 |     5 ||    92
       Kick              |       |     6 |    25 |     2 ||    33
Invok: Call Merchant     |       |       |     1 |       ||     1
  Use: Potion            |     1 |       |     2 |       ||     3
Armor: Scale mail        |     8 |       |       |       ||     8
       Plate armour      |     7 |    18 |    13 |     3 ||    41
Dodge: Dodged            |    15 |     3 |    23 |     5 ||    46
